 Dungeon Crawl Stone Soup version 0.30-a0-782-ge64f9170bb (webtiles) character file.

Game seed: 16700760227770608832

13 senseless the Trooper (level 2, 12/36 HPs)
             Began as a Demonspawn Berserker on Mar 1, 2023.
             Was a Follower of Trog.
             Quit the game on level 1 of the Dungeon.
             The game lasted 00:00:45 (230 turns).

senseless the Trooper (Demonspawn Berserker)         Turns: 230, Time: 00:00:46

Health: 12/36      AC:  3    Str: 17    XL:     2   Next: 24%
Magic:  2/2        EV: 11    Int:  8    God:    Trog [*.....]
Gold:   21         SH:  0    Dex: 12    Spells: 1/1 levels left

rFire   . . .      SeeInvis .    a - +0 mace
rCold   . . .      Faith    .    (no shield)
rNeg    . . .      Spirit   .    e - +0 leather armour
rPois   .          Reflect  .    (no helmet)
rElec   .          Harm     .    (no cloak)
rCorr   .          Rampage  .    (no gloves)
Will    .....                    (no boots) Stlth
                                 (no amulet)
HPRegen 0.26/turn                (no ring)
MPRegen 0.16/turn                (no ring)

@: berserking (expiring), very quick
A: magic regeneration
a: Renounce Religion, Berserk


You were on level 1 of the Dungeon.
You worshipped Trog.
Trog was aware of your devotion.
You visited 1 branch of the dungeon, and saw 1 of its levels.

You collected 21 gold pieces.

Inventory:

Hand Weapons
 a - a +0 mace (weapon)
Missiles
 d - 6 curare-tipped darts (quivered)
Armour
 b - a +0 animal skin
 e - a +0 leather armour (worn)
Potions
 c - a potion of might {unknown}


   Skills:
 + Level 3.3 Fighting
 + Level 3.0 Maces & Flails
 + Level 1.9 Armour
 + Level 1.8 Dodging


You had one spell level left.
You didn't know any spells.
Your spell library was empty.

Dungeon Overview and Level Annotations

Branches:
Dungeon (1/15)

Altars:


Innate Abilities, Weirdness & Mutations

You regenerate magic rapidly.


Message History

A red film seems to cover your vision as you go berserk!
You feel yourself moving faster!
You feel mighty! The giant cockroach barely misses you.
You sock the giant cockroach!
You kill the giant cockroach!
Trog accepts your kill.
You thump the quokka!
You kill the quokka!
Trog accepts your kill.
You closely miss the quokka. The quokka bites you.
You closely miss the quokka. The quokka bites you.
* * * LOW HITPOINT WARNING * * *
You barely miss the quokka.
The quokka bites you but does no damage.
You bludgeon the quokka!!
You kill the quokka!
Trog accepts your kill.
The frilled lizard unfolds its giant frill.
You have reached level 2!
Your demonic ancestry asserts itself...
Your magic begins to regenerate rapidly.
You thump the rat!
You kill the rat!
Trog accepts your kill.
You sock the endoplasm!
You feel the power of Trog in you as your rage grows.
You kill the endoplasm!
Trog accepts your kill.
You sock the goblin!
You kill the goblin!
Trog accepts your kill.
Your Maces & Flails skill increases to level 3!
The frilled lizard misses you.
Things that are here:
a +0 club; a goblin corpse You hit the frilled lizard.
You kill the frilled lizard!
Trog accepts your kill.
Calm down first, please.
Are you sure you want to abandon this character and quit the game? (Confirm with "yes".)

!...###...#
##....#####....##
.....##...## ##...........##
....).#....## ###.......###
....#.......########.####
....##...g.....#####'#####).
.B.. #......................
...# #[.....#.###...########
... #.####...####.## ...
#........)†@..# !..
#.#.#.#.#..#### #.........##
#.#.#.#.#.#########
#.................#
#.#.#.#.#.........#
#.................#
#.#.#.#.#.'########
#...........#


There were no monsters in sight!

Vanquished Creatures
  An endoplasm (D:1)
  A giant cockroach (D:1)
  3 goblins (D:1)
  2 quokkas (D:1)
  2 frilled lizards (D:1)
  A kobold (D:1)
  2 rats (D:1)
12 creatures vanquished.

Notes
Turn   | Place    | Note
-------+----------+-------------------------------------------
     0 | D:1      | senseless the Demonspawn Berserker began the quest for the
                  | Orb.
     0 | D:1      | Reached XP level 1. HP: 18/18 MP: 1/1
   225 | D:1      | Gained mutation: You regenerate magic rapidly. [demonic
                  | ancestry]
   225 | D:1      | Reached XP level 2. HP: 11/24 MP: 2/2
   230 | D:1      | Quit the game

Illustrated notes

Levels and vault maps discovered:
D:1:      dpeg_arrival_concentric_ovals, layout_basic, serial_glass,
          glass_columns_b, glass_columns_c, minivault_27

Skill      XL: |  1  2 |
---------------+-------+-----
Maces & Flails | 3 |  3.0
Fighting       | |  3.3
Armour         | |  1.9
Dodging        | |  1.8

Action                     || total
---------------------------++-------
  Melee: Mace              ||    26
         Punch             ||     1
 Invoke: Berserk           ||     1
 Armour: Leather armour    ||     6
         Animal skin       ||     1
  Dodge: Dodged            ||    13

Table legend: (Time is in decaauts)
 A = Elapsed time spent in this place.
 B = Non-inter-level travel time spent in this place.
 C = Inter-level travel time spent in this place.
 D = Time resting spent in this place.
 E = Time spent auto-exploring this place.
 F = Levels seen in this place.
 G = Mean time per level.
                   A        B        C        D        E       F      G
               +--------+--------+--------+--------+--------+-----+--------+
         Total |    232 |    232 |      0 |      0 |    147 |   1 |  232.0 |
       Dungeon |    232 |    232 |      0 |      0 |    147 |   1 |  232.0 |
               +--------+--------+--------+--------+--------+-----+--------+

Top non-repeatable levels by time:
     D:1: 232 daAuts
